Map: Dusk Towers

Players

Shura (Scarlett) - Winner!

  • Race: Zerg Zerg
  • League: Master

Monty

  • Race: Protoss Protoss
  • League: Grandmaster

Event: DreamHack ZOWIE Open Leipzig

VOD

Have the link to the VOD?

Description

Time

  • Played on: Jan. 22, 2016, 8:02 a.m.
  • Length: 16:56

All games in this series

Show
View Real Time Build Order
Export as new Build Order

Shura Zerg - Winner!

Build Orders: 3 Hatch before Pool, Hydra Corruptor, Lurkers, Roach Hydra Lurker 

Get SALT Encoding   

  12  0:00  Drone  
  13  0:08  Drone  
  14  0:17  Overlord  
  14  0:23  Extractor  
  14  0:24  Drone  
  15  0:35  Drone x2  
  17  0:52  Hatchery  
  17  0:55  Drone  
  17  1:16  Hatchery  
  17  1:18  Drone  
  17  1:22  Drone  
  18  1:36  Spawning Pool  
  18  1:38  Drone  
  18  1:42  Drone  
  18  1:44  Drone  
  20  1:51  Drone  
  21  2:01  Overlord  
  21  2:04  Drone  
  22  2:13  Drone  
  22  2:15  Drone  
  24  2:22  Queen  
  24  2:23  Zergling x2  
  24  2:24  Queen  
  24  2:25  Drone  
  24  2:28  Drone  
  31  2:33  Queen  
  31  2:35  Drone  
  34  2:38  Drone  
  34  2:40  Drone  
  36  2:45  Drone  
  36  2:49  Drone  
  36  2:50  Drone  
  39  2:54  Overlord  
  39  2:58  Queen  
  39  2:59  Extractor  
  39  3:00  Extractor  
  39  3:02  Queen  
  41  3:07  Zergling x2  
  41  3:09  Overlord  
  42  3:13  Zergling x6  
  42  3:18  Overlord  
  45  3:23  Drone x2  
  47  3:29  Drone  
  47  3:30  Drone x2  
  50  3:35  Drone x4  
  50  3:40  Drone x2  
  53  3:50  Spore Crawler  
  53  3:53  Drone x3  
  55  3:58  Drone  
  55  3:59  Drone x3  
  59  4:07  Overlord  
  59  4:08  Drone x2  
  61  4:12  Drone x2  
  61  4:13  Lair  
  63  4:21  Hatchery  
  63  4:24  Drone x2  
  64  4:27  Drone x2, Extractor  
  64  4:28  Extractor  
  64  4:29  Drone  
  64  4:30  Drone  
  66  4:31  Drone  
  66  4:34  Drone  
  66  4:38  Drone x2  
  70  4:41  Drone  
  70  4:42  Drone x2  
  73  4:48  Metabolic Boost  
  73  4:49  Evolution Chamber x2  
  73  4:52  Drone x2  
  73  4:53  Overlord  
  73  4:54  Overlord  
  73  4:57  Drone, Extractor x2  
  73  4:58  Drone, Overlord  
  73  4:59  Overlord  
  72  5:14  Queen  
  72  5:15  Queen  
  72  5:17  Zerg Missile Weapons Level 1, Hydralisk Den, Zerg Ground Armor Level 1  
  72  5:18  Zergling x6  
  78  5:23  Zergling x8  
  78  5:26  Drone  
  78  5:27  Drone x2  
  85  5:33  Drone  
  85  5:34  Drone x4  
  86  5:44  Drone x6  
  91  6:00  Hydralisk  
  91  6:01  Hydralisk, Muscular Augments  
  91  6:03  Overlord, Hydralisk  
  95  6:04  Roach Warren, Overlord x2  
  89  6:13  Overlord, Drone x4  
  89  6:14  Drone  
  94  6:18  Spore Crawler  
  94  6:22  Overlord, Drone x5  
  98  6:31  Spore Crawler  
  97  6:35  Hydralisk x6  
  107  6:41  Drone  
  107  6:42  Drone x4  
  107  6:45  Drone x3  
  113  6:49  Spore Crawler  
  113  6:51  Spore Crawler  
  111  6:55  Drone x3  
  111  6:56  Drone x2  
  111  6:57  Infestation Pit  
  115  7:01  Spore Crawler  
  115  7:05  Drone x6  
  117  7:13  Drone x3, Extractor  
  117  7:14  Drone x2, Extractor  
  120  7:17  Drone  
  120  7:18  Drone x2  
  120  7:21  Zerg Melee Weapons Level 1  
  121  7:27  Drone  
  121  7:28  Drone x3  
  123  7:31  Queen  
  123  7:35  Hatchery  
  124  7:37  Lurker Den  
  124  7:41  Zerg Missile Weapons Level 2  
  122  7:45  Drone x7  
  122  7:49  Overseer  
  122  7:50  Overlord  
  122  7:51  Overlord x2  
  129  7:53  Infestor  
  131  7:59  Infestor  
  131  8:00  Infestor  
  131  8:01  Overlord x2  
  131  8:02  Overseer  
  135  8:08  Overlord  
  135  8:10  Infestor x3  
  141  8:21  Hydralisk x3  
  141  8:22  Hydralisk x3  
  141  8:25  Hydralisk x2  
  157  8:31  Extractor  
  157  8:32  Hydralisk  
  157  8:33  Hydralisk x4  
  165  8:35  Overlord  
  165  8:36  Extractor  
  165  8:39  Hydralisk x3  
  170  8:43  Hydralisk x3  
  170  8:46  Overlord  
  170  8:48  Hydralisk x2  
  178  8:53  Hydralisk  
  178  8:54  Hydralisk  
  178  8:55  Spine Crawler  
  183  8:58  Hydralisk x2  
  187  9:03  Lurker x5  
  187  9:09  Spine Crawler  
  191  9:10  Spine Crawler  
  191  9:11  Hydralisk x2  
  191  9:14  Spine Crawler  
  193  9:18  Hydralisk x3  
  199  9:28  Spire  
  181  9:41  Hydralisk x8  
  168  9:55  Drone x3, Overlord x2  
  168  9:56  Overlord  
  168  9:57  Spore Crawler  
  170  10:02  Spine Crawler x3  
  170  10:03  Hive  
  170  10:04  Zerg Melee Weapons Level 2  
  167  10:10  Drone x5  
  167  10:11  Drone x2  
  173  10:17  Zerg Ground Armor Level 2  
  173  10:26  Drone x8  
  181  10:29  Overseer x2  
  181  10:30  Overseer  
  181  10:34  Lurker  
  181  10:35  Lurker x4  
  186  10:44  Drone  
  186  10:45  Drone x2  
  186  10:46  Spine Crawler  
  186  10:48  Spine Crawler  
  187  10:50  Pneumatized Carapace, Spine Crawler  
  187  10:56  Spine Crawler  
  185  10:58  Spine Crawler  
  185  11:02  Lurker x2  
  185  11:03  Lurker x4  
  190  11:05  Spore Crawler  
  189  11:19  Corruptor x4, Greater Spire  
  189  11:24  Hatchery  
  190  11:42  Lair, Spire  
  190  11:43  Spine Crawler, Overseer  
  190  11:45  Spine Crawler  
  187  11:51  Spore Crawler  
  186  11:56  Overlord x2  
  182  12:08  Hatchery  
  181  12:19  Spore Crawler  
  181  12:21  Spine Crawler  
  179  12:26  Extractor  
  179  12:27  Spine Crawler  
  179  12:28  Spore Crawler, Spine Crawler  
  179  12:29  Extractor  
  174  12:35  Zerg Flyer Armor Level 1  
  182  12:37  Brood Lord x4  
  182  12:39  Overseer x2  
  182  12:40  Overseer  
  182  12:45  Hive, Corruptor  
  182  12:46  Corruptor x5  
  192  12:59  Spore Crawler  
  192  13:00  Drone, Spine Crawler  
  191  13:12  Spine Crawler  
  190  13:35  Corruptor x5  
  200  13:45  Spore Crawler x2  
  200  13:46  Spore Crawler  
  200  13:47  Spore Crawler  
  195  13:50  Corruptor x2  
  199  14:09  Hatchery  
  198  14:12  Spine Crawler  
  198  14:15  Corruptor  
  160  14:44  Corruptor x5  
  164  14:46  Corruptor x6  
  174  15:01  Infestor x5  
  184  15:16  Drone x9  
  187  15:37  Infestor x3  
  182  16:02  Corruptor x5  
  182  16:10  Drone  
  182  16:11  Drone x2  
Show
View Real Time Build Order
Export as new Build Order

Monty Protoss 

Build Orders: Adept Opening, Nexus First, Phoenix Opening, Carriers, Void Rays, Zealot Archon, Zealot Templar 

Get SALT Encoding   

  12  0:01  Probe (Chrono Boost)  
  13  0:12  Probe (Chrono Boost)  
  14  0:18  Pylon  
  14  0:23  Probe (Chrono Boost)  
  15  0:37  Probe (Chrono Boost)  
  16  0:47  Probe (Chrono Boost)  
  17  1:00  Nexus  
  17  1:11  Gateway  
  17  1:13  Probe (Chrono Boost)  
  18  1:18  Assimilator  
  18  1:23  Probe (Chrono Boost)  
  19  1:26  Assimilator  
  19  1:34  Probe (Chrono Boost)  
  20  1:42  Gateway  
  20  1:44  Probe (Chrono Boost)  
  21  1:55  Probe (Chrono Boost)  
  21  1:58  Cybernetics Core  
  22  2:05  Probe (Chrono Boost)  
  23  2:13  Probe (Chrono Boost)  
  24  2:16  Probe (Chrono Boost)  
  25  2:24  Probe (Chrono Boost)  
  25  2:26  Probe (Chrono Boost)  
  27  2:34  Probe (Chrono Boost)  
  27  2:35  Adept x2 (Chrono Boost)  
  32  2:37  Probe, Warp Gate  
  32  2:43  Pylon  
  33  2:46  Probe  
  33  2:49  Probe  
  35  2:58  Probe (Chrono Boost)  
  35  2:59  Sentry (Chrono Boost)  
  35  3:02  Mothership Core (Chrono Boost)  
  40  3:10  Probe (Chrono Boost)  
  41  3:20  Probe (Chrono Boost), Nexus  
  41  3:23  Pylon  
  41  3:24  Probe (Chrono Boost)  
  43  3:31  Probe (Chrono Boost)  
  44  3:34  Probe (Chrono Boost)  
  45  3:41  Probe (Chrono Boost)  
  45  3:45  Probe (Chrono Boost)  
  47  3:51  Stargate  
  47  3:52  Probe (Chrono Boost), Stargate  
  44  3:56  Probe (Chrono Boost)  
  44  4:01  Assimilator  
  44  4:02  Probe (Chrono Boost), Assimilator  
  46  4:07  Probe (Chrono Boost)  
  46  4:08  Pylon  
  47  4:10  Pylon  
  47  4:13  Probe (Chrono Boost)  
  48  4:17  Probe (Chrono Boost)  
  48  4:22  Pylon  
  48  4:23  Probe (Chrono Boost)  
  50  4:28  Probe (Chrono Boost)  
  50  4:31  Probe (Chrono Boost)  
  51  4:34  Probe (Chrono Boost)  
  51  4:36  Phoenix x2 (Chrono Boost)  
  58  4:38  Probe  
  58  4:40  Probe, Adept x2  
  63  4:45  Probe  
  63  4:50  Probe  
  63  4:51  Probe  
  66  4:58  Probe, Phoenix x2 (Chrono Boost)  
  71  5:01  Probe, Adept x2  
  71  5:02  Probe  
  77  5:10  Probe  
  77  5:11  Pylon  
  77  5:12  Probe  
  79  5:14  Probe  
  79  5:20  Phoenix x2 (Chrono Boost)  
  84  5:22  Probe  
  84  5:27  Probe  
  86  5:28  Probe  
  86  5:32  Pylon  
  87  5:41  Phoenix x2 (Chrono Boost)  
  87  5:44  Probe  
  87  5:45  Probe x2  
  87  5:48  Assimilator  
  88  5:52  Assimilator  
  88  5:53  Robotics Facility  
  88  5:54  Pylon  
  88  5:55  Robotics Facility  
  86  5:58  Forge  
  86  6:01  Pylon  
  86  6:03  Phoenix (Chrono Boost)  
  88  6:13  Probe x2, Twilight Council  
  88  6:16  Pylon  
  88  6:17  Sentry  
  88  6:18  Zealot  
  94  6:20  Pylon  
  94  6:26  Gateway  
  94  6:28  Gateway  
  94  6:30  Gateway  
  94  6:33  Gateway  
  94  6:34  Gateway  
  94  6:41  Protoss Ground Weapons Level 1 (Chrono Boost), Charge (Chrono Boost)  
  94  6:42  Gateway  
  94  6:45  Immortal (Chrono Boost)  
  94  6:47  Immortal (Chrono Boost)  
  102  6:54  Gateway  
  102  6:59  Templar Archives  
  102  7:06  Zealot x2  
  106  7:11  Pylon  
  106  7:12  Pylon  
  106  7:22  Immortal  
  106  7:24  Nexus  
  106  7:26  Pylon  
  106  7:27  Observer  
  106  7:29  Pylon  
  111  7:32  Zealot x4  
  119  7:44  Pylon  
  119  7:48  Warp Prism  
  121  7:53  High Templar x4  
  121  7:57  Photon Cannon, Archon  
  121  7:58  Observer, Zealot x2, Archon  
  131  7:59  Zealot  
  131  8:01  Zealot  
  138  8:07  Gateway  
  138  8:08  Zealot  
  138  8:09  Gateway  
  138  8:12  Photon Cannon  
  140  8:15  Oracle  
  143  8:22  High Templar  
  143  8:23  Zealot x2, High Templar  
  151  8:28  Zealot x2, Archon  
  151  8:29  Zealot x3  
  161  8:35  Probe  
  162  8:45  Zealot x2  
  166  8:53  Zealot x2  
  166  8:54  Zealot x3  
  166  8:55  Zealot x2  
  178  8:59  Protoss Ground Weapons Level 2 (Chrono Boost)  
  180  9:12  Zealot x4  
  180  9:15  Zealot x4  
  196  9:23  Zealot  
  193  9:36  Zealot x3  
  193  9:37  Zealot x6  
  162  9:39  Immortal  
  162  9:44  Immortal  
  118  9:56  Psionic Storm  
  116  10:06  High Templar  
  116  10:07  High Templar x5, Assimilator  
  120  10:08  High Templar x2, Assimilator  
  120  10:13  Archon  
  120  10:14  Archon  
  132  10:21  Immortal  
  132  10:23  Dark Shrine  
  132  10:26  Immortal  
  132  10:28  Zealot x3  
  146  10:39  Zealot x3  
  146  10:40  Zealot  
  154  10:44  High Templar x2  
  158  10:57  Immortal  
  158  11:03  Nexus  
  162  11:05  Pylon  
  162  11:06  Pylon  
  162  11:08  Fleet Beacon  
  162  11:10  Stargate  
  162  11:21  Protoss Ground Weapons Level 3 (Chrono Boost), Protoss Air Weapons Level 1  
  162  11:28  Zealot x2  
  162  11:29  Zealot x4  
  172  11:33  Zealot x3  
  176  11:45  Void Ray (Chrono Boost)  
  182  11:49  Void Ray (Chrono Boost)  
  164  12:02  Void Ray (Chrono Boost)  
  164  12:06  Photon Cannon  
  164  12:08  Dark Templar x5  
  172  12:22  Warp Prism  
  172  12:26  Assimilator  
  172  12:31  Assimilator  
  178  12:38  Carrier (Chrono Boost)  
  178  12:40  Carrier (Chrono Boost)  
  180  12:52  Carrier (Chrono Boost)  
  184  13:12  Stargate  
  184  13:13  Photon Cannon  
  184  13:14  Stargate  
  184  13:15  Photon Cannon x2  
  184  13:20  Protoss Air Weapons Level 2 (Chrono Boost)  
  184  13:21  Observer  
  184  13:24  Observer  
  184  13:46  Carrier  
  184  13:57  Carrier  
  184  14:00  Protoss Shields Level 1  
  196  14:04  Warp Prism  
  196  14:09  Warp Prism  
  200  14:15  Dark Templar x4  
  200  14:16  Dark Templar x4  
  196  14:19  Archon x2  
  196  14:20  Archon x2  
  165  14:42  Void Ray  
  165  14:43  Void Ray x2  
  144  15:06  High Templar x4  
  138  15:10  Archon x2  
  138  15:16  Zealot x4  
  142  15:29  Void Ray  
  142  15:35  Void Ray  
  121  16:11  High Templar x4  
  116  16:17  Archon x2  
  122  16:26  Stalker  

Tags
 
Add a new tag
Caveats
  • Supply blocks, unpowered buildings, or Contaminate may cause inaccurate times.
  • Supply counts are checked every 10 seconds.